 Dungeon Crawl Stone Soup version 0.31-a0-1308-ga3cce3a448 (webtiles) character file.

Game seed: 4362897651084570009

73 Dirtsage the Changeling (level 4, -6/29 HPs)
             Began as an Octopode Shapeshifter on Dec 19, 2023.
             Mangled by Terence
             ... wielding a +0 flail
              (12 damage)
             ... on level 3 of the Dungeon.
             The game lasted 00:02:13 (1667 turns).

Dirtsage the Changeling (Octopode Shapeshifter)     Turns: 1667, Time: 00:02:14

Health: -6/29      AC:  1    Str: 13    XL:     4   Next: 27%
Magic:  4/4        EV: 13    Int: 12    God:
Gold:   55         SH:  0    Dex: 13    Spells: 3/3 levels left

rFire   . .          .
                       - Unarmed
rCold   . . .        (no shield)
rNeg    . . .        (helmet currently unavailable)
rPois   .            (no amulet)
rElec   .            (no ring)
rCorr   .            (no ring)
SInv    .            (no ring)
Will    .....        (no ring)
Stlth   ++           (no ring)
HPRegen 0.24/turn    (no ring)
MPRegen 0.09/turn    (no ring)
                     (no ring)

%: no passive effects
@: beast-form
A: beast (slay +2), almost no armour, amphibious, 8 rings, camouflage 1,
gelatinous body 1, (nimble swimmer 1), tentacles
a: Begin Untransformation


You were on level 3 of the Dungeon.
You were a hulking beast.
You visited 1 branch of the dungeon, and saw 3 of its levels.

You collected 55 gold pieces.

Inventory:

Jewellery
 g - a ring of magical power
Talismans
 b - a beast talisman
 c - a flux talisman
 j - the serpent talisman "Tura Xegg" {rC++ Will- rCorr Stlth+}
   (You found it on level 2 of the Dungeon)

   [serpent talisman]

   rC++:      It greatly protects you from cold.
   Will-:     It decreases your willpower.
   rCorr:     It protects you from acid and corrosion.
   Stlth+:    It makes you more stealthy.
Scrolls
 d - a scroll of teleportation {unknown}
 e - a scroll of identify {unknown}
Potions
 a - a potion of lignification
 f - a potion of heal wounds {unknown}
 h - 2 potions of mutation {unknown}
 i - a potion of brilliance {unknown}
 k - a potion of magic {unknown}


   Skills:
 - Level 1.9 Fighting
 - Level 2.6 Dodging
 - Level 3.4 Unarmed Combat
 + Level 3.7 Shapeshifting


You had 3 spell levels left.
You didn't know any spells.
Your spell library was empty.

Dungeon Overview and Level Annotations

Branches:
Dungeon (3/15)

Altars:

Annotations:
D:3 Terence


Innate Abilities, Weirdness & Mutations

You are a hulking beast.
Your limbs bulge with bestial killing power. (Slay +2)
You cannot wear most types of armour.
You are amphibious.
You can wear up to eight rings at the same time.
Your skin changes colour to match your surroundings (Stealth+).
Your rubbery body absorbs attacks. (AC +1, EV +1)
((You are camouflaged when in or above water. (Stealth+)))
You have tentacles for arms and can constrict up to eight enemies at once.


Message History

You constrict the worm. The worm bites you!
You take 7 damage, and have 22/29 hp.
MASSIVE DAMAGE!!
You tentacle-slap the worm but do no damage.
Your squeeze misses the worm.
The worm is moderately wounded.
You constrict the worm, but do no damage.
The worm bites you.
You take 2 damage, and have 20/29 hp.
You are too injured to fight recklessly!
You tentacle-slap the worm.
The worm is heavily wounded.
You constrict the worm. You tentacle-slap the worm.
The worm is severely wounded.
You constrict the worm. The worm closely misses you.
You tentacle-slap the worm.
The worm is almost dead.
You constrict the worm.
You kill the worm!
Terence shouts!
Okay, then.
You barely miss Terence. Your grab misses Terence.
Terence hits you with a +0 flail!
You take 8 damage, and have 14/29 hp.
MASSIVE DAMAGE!!
You tentacle-slap Terence. Your grab misses Terence.
Terence is lightly wounded.
Terence hits you with a +0 flail!
* * * LOW HITPOINT WARNING * * *
You take 8 damage, and have 6/29 hp.
MASSIVE DAMAGE!!
You tentacle-slap Terence but do no damage.
You grab Terence.
Terence is lightly wounded.
You constrict Terence, but do no damage.
Terence barely misses you.
You tentacle-slap Terence. You squeeze Terence.
Terence is moderately wounded.
You constrict Terence, but do no damage.
Terence hits you with a +0 flail!
You die...
Terence says, "Time to find some more victims."

#.##.##..######
#..#.##.###......#
.................#
#..#.##.####........
#..#.##<# #.....#.#
#.......# #.....# .
#..####.# ###.###
#..####.# .#
#...@h..# ..
#...##### .. #....
#...## ......
....... ........
####...##


You could see Terence.

Vanquished Creatures
  3 adders (D:2)
  A worm (D:3)
  3 ball pythons
  4 endoplasms
  3 giant cockroaches
  3 goblins (D:2)
  6 hobgoblins (D:1)
  3 jackals (D:1)
  3 kobolds
  2 bats (D:2)
  4 frilled lizards
  3 rats
38 creatures vanquished.

Notes
Turn   | Place    | Note
-------+----------+-------------------------------------------
     0 | D:1      | Dirtsage the Octopode Shapeshifter began the quest for the
                  | Orb.
     0 | D:1      | Reached XP level 1. HP: 13/13 MP: 1/1
   112 | D:1      | Reached XP level 2. HP: 18/18 MP: 2/2
   610 | D:1      | Reached XP level 3. HP: 23/23 MP: 3/3
   903 | D:2      | Identified the +0 leather armour "Hohoonof" {^Contam Harm
                  | +Blink Int+8}
  1105 | D:2      | Identified the serpent talisman "Tura Xegg" {rC++ Will-
                  | rCorr Stlth+}
  1334 | D:2      | Reached XP level 4. HP: 24/29 MP: 4/4
  1653 | D:3      | Noticed Terence
  1667 | D:3      | Mangled by Terence

Illustrated notes

Levels and vault maps discovered:
D:1:      lemuel_arrival_funnel, layout_loops_ring, hangedman_decor_opposing
D:2:      layout_basic
D:3:      minmay_goblin_kobold_castle, layout_loops_cross, uniq_terence,
          uniq_ijyb

Action                     |  1- 3 |  4- 6 || total
---------------------------+-------+-------++-------
  Melee: Unarmed           |    61 |    17 ||    78
         Constrict         |    15 |     4 ||    19
         Tentacles         |    13 |     2 ||    15
         Punch             |     1 |       ||     1
   Stab: Sleeping          |     3 |     2 ||     5
 Armour: Skin              |    26 |     8 ||    34
  Dodge: Dodged            |    44 |     5 ||    49

Table legend: (Time is in decaauts)
 A = Elapsed time spent in this place.
 B = Non-inter-level travel time spent in this place.
 C = Inter-level travel time spent in this place.
 D = Time resting spent in this place.
 E = Time spent auto-exploring this place.
 F = Levels seen in this place.
 G = Mean time per level.
                   A        B        C        D        E       F      G
               +--------+--------+--------+--------+--------+-----+--------+
         Total |   1661 |   1621 |     40 |      0 |   1400 |   3 |  553.7 |
       Dungeon |   1661 |   1621 |     40 |      0 |   1400 |   3 |  553.7 |
               +--------+--------+--------+--------+--------+-----+--------+

Top non-repeatable levels by time:
     D:2: 857 daAuts
     D:1: 767 daAuts
     D:3: 36 daAuts
